 Dungeon Crawl Stone Soup version 0.31-a0-237-g2d982f9f85 (webtiles) character file.

Game seed: 2182182609727672084

128909 HallandMoats the Warrior (level 16, -7/143 HPs)
             Began as a Demonspawn Fighter on July 11, 2023.
             Was the Champion of Qazlal.
             Mangled by Asterion
             ... wielding a +2 spectral demon trident
              (25 damage)
             ... on level 1 of the Depths.
             The game lasted 00:55:23 (22124 turns).

HallandMoats the Warrior (Demonspawn Fighter)      Turns: 22124, Time: 00:55:23

Health: -7/143     AC: 32    Str: 24    XL:     16   Next: 49%
Magic:  27/27      EV: 12    Int: 11    God:    Qazlal [******]
Gold:   2172       SH: 13    Dex: 13    Spells: 15/15 levels left

rFire   . . .        a - +10 hand axe of Uluschut {flame, Will++ rCorr Str-5}
rCold   + . .        c - +0 buckler
rNeg    . . .        f - +7 plate armour of Serhuesa {SInv}
rPois   .            (helmet restricted)
rElec   .            p - +0 cloak
rCorr   +            (no gloves)
SInv    +            h - +1 pair of boots {Stlth+}
Will    +++..        l - amulet of regeneration Stlth
                     e - +4 ring of slaying
HPRegen 1.23/turn    d - +6 ring of strength
MPRegen 0.20/turn

%: repel missiles
@: mighty, agile, protected from physical damage, hasted, very quick
A: horns 2, icy blue scales 3, powered by pain 2
a: Renounce Religion, Upheaval, Elemental Force, Disaster Area


You were on level 1 of the Depths.
You worshipped Qazlal.
Qazlal was exalted by your worship.
You visited 5 branches of the dungeon, and saw 24 of its levels.
You also visited: Bailey.

You collected 3172 gold pieces.
You spent 1000 gold pieces at shops.

Inventory:

Hand Weapons
 a - the +10 hand axe of Uluschut (weapon) {flame, Will++ rCorr Str-5}
   (You found it on level 9 of the Dungeon)

   Str:       It affects your strength (-5).
   rCorr:     It protects you from acid and corrosion.
   Will:      It greatly increases your willpower.
 n - a +4 scimitar of flaming
 K - the +7 lajatang of Order {silver, rMut}
   (You found it on level 9 of the Dungeon)

   rMut:      It protects you from mutation.
Missiles
 O - 2 throwing nets
Armour
 c - a +0 buckler (worn)
 f - the +7 plate armour of Serhuesa (worn) {SInv}
   (You found it in a bailey)

   SInv:      It lets you see invisible.
 h - a +1 pair of boots of stealth (worn)
 p - a +0 cloak (worn)
 G - a +1 ring mail of fire resistance
 S - a +3 troll leather armour {Snorg}
Jewellery
 d - a +6 ring of strength (right hand)
 e - a +4 ring of slaying (left hand)
 l - an amulet of regeneration (around neck)
 L - an amulet of magic regeneration
 N - a ring of protection from fire
 P - a ring of magical power
 T - a ring of poison resistance
Wands
 b - a wand of charming (34)
 y - a wand of flame (43)
 D - a wand of polymorph (15)
 M - a wand of iceblast (11)
Scrolls
 m - 3 scrolls of silence
 o - 9 scrolls of teleportation
 r - 4 scrolls of revelation
 t - 5 scrolls of fog
 u - 2 scrolls of identify
 w - 2 scrolls of enchant weapon
 E - a scroll of summoning
 F - 2 scrolls of enchant armour
 I - 2 scrolls of fear
 Q - 6 scrolls of poison
Potions
 g - 12 potions of ambrosia
 i - a potion of cancellation
 q - 4 potions of brilliance
 v - 2 potions of might
 x - 4 potions of curing
 z - 2 potions of berserk rage
 A - a potion of enlightenment
 B - a potion of magic
 C - 4 potions of mutation
 H - 2 potions of invisibility
 J - a potion of resistance
Miscellaneous
 j - a phial of floods


   Skills:
 * Level 18.2 Fighting
 * Level 16.7 Axes
 + Level 10.4 Armour
 - Level 4.2 Shields
 + Level 15.5 Invocations


You had 15 spell levels left.
You didn't know any spells.
Your spell library contained the following spells:

 Spells                   Type           Power      Damage    Failure   Level
 Kiss of Death            Conj/Necr      0%         2d5       99%         1
 Magic Dart               Conj           0%         1d3       99%         1
 Slow                     Hex            0%         N/A       99%         1
 Blink                    Tloc           0%         N/A       100%        2
 Call Imp                 Summ           0%         N/A       100%        2
 Ensorcelled Hibernation  Hex/Ice        0%         N/A       100%        2
 Lesser Beckoning         Tloc           0%         N/A       100%        2
 Momentum Strike          Conj/Tloc      0%         3d8       100%        2
 Passwall                 Tmut/Erth      0%         N/A       100%        2
 Confusing Touch          Hex            0%         N/A       100%        3
 Inner Flame              Hex/Fire       0%         N/A       100%        3
 Mephitic Cloud           Conj/Pois/Air  0%         N/A       100%        3
 Ozocubu's Armour         Ice            0%         N/A       100%        3
 Swiftness                Air            0%         N/A       100%        3
 Vampiric Draining        Necr           0%         2d6       100%        3
 Volatile Blastmotes      Fire/Tloc      0%         2d10      100%        3
 Animate Armour           Summ/Erth      0%         N/A       100%        4
 Animate Dead             Necr           0%         N/A       100%        4
 Flame Wave               Conj/Fire      0%         2d4       100%        4
 Fulminant Prism          Conj/Hex       0%         3d5       100%        4
 Iskenderun's Mystic Bla  Conj/Tloc      0%         2d3       100%        4
 Olgreb's Toxic Radiance  Pois           0%         N/A       100%        4
 Sticky Flame             Conj/Fire      0%         2d3       100%        4
 Summon Lightning Spire   Summ/Air       0%         N/A       100%        4
 Alistair's Intoxication  Tmut/Pois      0%         N/A       100%        5
 Blade Hands              Tmut           0%         N/A       100%        5
 Borgnjor's Vile Clutch   Necr/Erth      0%         N/A       100%        5
 Lee's Rapid Deconstruct  Erth           0%         3d4*      100%        5
 Metabolic Englaciation   Hex/Ice        0%         N/A       100%        5
 Summon Forest            Summ/Tloc      0%         N/A       100%        5
 Summon Mana Viper        Hex/Summ       0%         N/A       100%        5
 Death Channel            Necr           0%         N/A       100%        6
 Eringya's Noxious Bog    Tmut/Pois      0%         4d6       100%        6
 Simulacrum               Ice/Necr       0%         N/A       100%        6
 Summon Cactus Giant      Summ           0%         N/A       100%        6
 Spellforged Servitor     Conj/Summ      0%         N/A       100%        7
 Necromutation            Tmut/Necr      0%         N/A       100%        8


Dungeon Overview and Level Annotations

Branches:
Dungeon (15/15)            Temple (1/1) D:6            Lair (5/5) D:11
 Shoals (0/4) Lair:3        Snake (0/4) Lair:2        Slime (0/5) Lair:5
    Orc (2/2) D:11            Elf (0/3) Orc:2        Vaults (0/5) D:13
 Depths (1/4) D:15         Bailey (visited)

Altars:
Ashenzari
Cheibriados
Dithmenos
Fedhas
Gozag
Hepliaklqana
Kikubaaqudgha
Makhleb
Nemelex Xobeh
Okawaru
Qazlal
Ru
Sif Muna
Trog
Uskayaw
Vehumet
Wu Jian
Yredelemnul
Jiyva

Shops:
D:2 (   D:4 (   D:7 *   D:8 !   D:11 ?   Orc:1 ?   Orc:2 (?[*

Annotations:
D:14 3 runed translucent doors, IYTBazzie's ghost, journeyman NaMo
Temple 2 transporters
Depths:1 Asterion


Innate Abilities, Weirdness & Mutations

You have a pair of horns on your head.
You are completely covered in icy blue scales. (AC +4, rC+)
You sometimes gain power by taking damage.


Message History

The ice dragon bites you but does no damage.
You block the ice dragon's attack. x2; An ettin opens the door.
The ettin shouts in stereo!
The +2 spectral demon trident is engulfed in freezing vapours. x2
Asterion drinks a potion.
Asterion seems to grow stronger.
Unknown command.
The +2 spectral demon trident is engulfed in freezing vapours.
Asterion shares his spectral weapon's damage!
The +2 spectral demon trident is engulfed in freezing vapours.
The +2 spectral demon trident disappears.
Asterion hits you with a +2 spectral demon trident!
The +2 spectral demon trident hits you but does no damage.
Asterion gores you but does no damage.
A +2 spectral demon trident comes into view.
Asterion attacks as you move away!
Asterion hits you with a +2 spectral demon trident.
You block the +2 spectral demon trident's attack.
Asterion barely misses you.
You hear a trumpeting! x2
Asterion hits you from afar with a +2 spectral demon trident!!
* * * LOW HITPOINT WARNING * * *
You focus on the pain.
You feel mightier all of a sudden.
You feel more protected from physical attacks.
The +2 spectral demon trident hits you but does no damage.
You hear a trumpeting!
Asterion barely misses you.
The +2 spectral demon trident hits you from afar.
* * * LOW HITPOINT WARNING * * *
You hear a trumpeting!
The ettin hits you with a +0 dire flail!
* * * LOW HITPOINT WARNING * * *
You feel more protected from physical attacks.
The ettin hits you but does no damage. Asterion hits you but does no damage.
You block the +2 spectral demon trident's attack.
There is a staircase back to the Dungeon, spattered with blood here.
The +2 spectral demon trident is engulfed in blazing flames. x2
Asterion shares his spectral weapon's damage!
Asterion hits you from afar with a +2 spectral demon trident!!
You die...

≈≈≈ ≈~. ♣~.#. ♣~.'..
♣~.#.#
♣≈.#'###########
♣~..☼C○..2Y...:#
♣♣♣♣♣♣~..C§@........#
≈≈≈≈.....E(..........
~~~~.....H..○○.......
.$...°...DY..........
##+#....§.§°.........
#........♣♣♣♣♣♣♣♣♣
#.....°♣♣♣ .......♣♣
###....♣♣


You could see Asterion (fast, strong), 2 dire elephants, a frost giant, an ice
dragon, an ettin, a blizzard demon (summoned, fleeing), a water elemental and a
+2 spectral demon trident.

Vanquished Creatures
  Jorgrun (D:12)
  An orc warlord (Orc:2)
  The ghost of Jynaviopo the Severer, a journeyman GrFi of Okawaru (D:13)
  2 dire elephants (D:15)
  Snorg (D:13)
  Josephine (D:14)
  2 fire dragons
  Fannar (Lair:1)
  An ice dragon (D:15)
  A rakshasa (D:13)
  5 hydras
  8 centaur warriors
  4 vault guards (D:13)
  Erica (D:8)
  5 boulder beetles
  A catoblepas (D:13)
  2 ogre magi
  A death knight (D:13)
  6 death yaks
  7 two-headed ogres
  3 tengu warriors
  A deep elf knight (D:13)
  6 orc high priests
  3 skysharks (Lair:5)
  A goliath frog (Lair:5)
  The ghost of BubbleThief the Martial Artist, a novice OpTm of Wu Jian (D:7)
  A deep elf archer (D:13)
  A harpy (D:9)
  A necromancer (D:13)
  9 orc knights
  A harpy (shapeshifter) (D:15)
  4 deep elf pyromancers
  A phantasmal warrior (D:13)
  3 orc sorcerers
  10 ugly things
  6 cyclopes
  6 manticores
  A moth of wrath (D:7)
  A merfolk siren (Lair:3)
  4 black mambas
  15 elephants
  Joseph (D:8)
  Maggie (D:8)
  2 gargoyles
  35 cane toads
  A torpor snail (Lair:4)
  2 unseen horrors
  5 large abominations (D:14)
  2 kobold demonologists (D:9)
  A rime drake (Lair:2)
  18 komodo dragons
  4 freezing wraiths (D:13)
  The ghost of porpoise the Skirmisher, a novice KoHu (D:4)
  A yaktaur (D:13)
  A queen bee (D:9)
  3 merfolk (Lair:3)
  A queen bee (shapeshifter) (D:13)
  6 trolls
  4 meliai
  4 hornets (D:10)
  A tyrant leech (Lair:5)
  21 blink frogs
  2 polar bears
  6 dream sheep (Lair:5)
  4 slime creatures (D:14)
  2 shadows
  6 wyverns
  A culicivora (shapeshifter) (D:14)
  62 yaks
  6 spriggans (Lair:1)
  A vampire (D:14)
  5 wraiths
  7 basilisks
  2 steam dragons
  13 vampire mosquitoes
  3 nagas (Lair:2)
  2 acid dragons
  A warg (Orc:2)
  19 water moccasins
  2 floating eyes (D:10)
  45 orc warriors
  7 small abominations (D:14)
  A sky beast (D:7)
  3 ice beasts
  3 black bears
  19 centaurs
  11 wolves (Lair:1)
  11 ogres
  3 phantoms
  20 bullfrogs
  3 kobold brigands
  2 gnoll sergeants
  3 scorpions
  10 wights
  30 killer bees (D:9)
  3 howler monkeys
  8 electric eels
  2 hounds (D:6)
  6 jellies
  23 orc priests
  A gnoll bouda (D:9)
  A sleepcap (D:7)
  7 hell rats (Lair:1)
  21 orc wizards
  An iguana (D:7)
  A centaur simulacrum (D:4)
  8 gnolls
  10 adders
  A hound simulacrum (D:4)
  A white imp (D:6)
  An ufetubus (D:6)
  2 worms (D:2)
  3 dart slugs (D:1)
  2 adder simulacra (D:4)
  82 orcs
  3 ball pythons (D:1)
  6 bats
  7 endoplasms
  6 giant cockroaches
  2 goblins
  9 hobgoblins
  7 jackals
  16 kobolds
  3 quokkas
  2 frilled lizards (D:1)
  6 rats
812 creatures vanquished.

Vanquished Creatures (collateral kills)
  A hydra (D:13)
  Urug (D:13)
  A yak (shapeshifter) (D:13)
3 creatures vanquished.

Vanquished Creatures (others)
  A wizard (D:14)
  An orc wizard (D:6)
2 creatures vanquished.

Grand Total: 817 creatures vanquished

Notes
Turn   | Place    | Note
-------+----------+-------------------------------------------
     0 | D:1      | HallandMoats the Demonspawn Fighter began the quest for the
                  | Orb.
     0 | D:1      | Reached XP level 1. HP: 18/18 MP: 1/1
    97 | D:1      | Gained mutation: You are partially covered in icy blue
                  | scales. (AC +2) [demonic ancestry]
    97 | D:1      | Reached XP level 2. HP: 15/24 MP: 2/2
   284 | D:1      | Reached XP level 3. HP: 29/29 MP: 3/3
   605 | D:2      | Found a faded altar of an unknown god.
   680 | D:2      | Found Yphyoxav's Weapon Shoppe.
   756 | D:2      | Reached XP level 4. HP: 37/37 MP: 4/4
  1182 | D:2      | Reached skill level 4 in Fighting
  2061 | D:4      | Noticed an ogre
  2081 | D:4      | Killed an ogre
  2082 | D:4      | Gained mutation: You have a pair of small horns on your
                  | head. [demonic ancestry]
  2082 | D:4      | Reached XP level 5. HP: 36/43 MP: 5/5
  2113 | D:4      | Noticed porpoise's ghost (novice KoHu)
  2113 | D:4      | Noticed an ice beast
  2126 | D:4      | Got the Information on the Amassed Damned
  2128 | D:4      | Found Qibynt's Antique Weapon Shop.
  2297 | D:4      | Found a runed translucent gate.
  2297 | D:4      | Found a runed translucent gate.
  2347 | D:4      | Found a runed translucent gate.
  2658 | D:5      | Entered Level 5 of the Dungeon
  2705 | D:5      | Found a broken altar of Ashenzari.
  2738 | D:5      | Noticed a phantom
  2759 | D:5      | Killed a phantom
  2760 | D:5      | Reached XP level 6. HP: 50/50 MP: 6/6
  2811 | D:5      | Reached skill level 5 in Fighting
  2876 | D:5      | Noticed an ice beast
  2894 | D:5      | Killed an ice beast
  3286 | D:5      | Gained mutation: You are mostly covered in icy blue scales.
                  | (AC +3) [demonic ancestry]
  3286 | D:5      | Reached XP level 7. HP: 57/57 MP: 7/7
  3314 | D:5      | Reached skill level 6 in Fighting
  3314 | D:5      | Reached skill level 5 in Axes
  3478 | D:4      | Bought a glowing hand axe for 138 gold pieces
  3657 | D:6      | Found a staircase to the Ecumenical Temple.
  3747 | Temple   | Entered the Ecumenical Temple
  3747 | Temple   | Found a transporter.
  3747 | Temple   | Found a transporter.
  3749 | Temple   | Found a transporter.
  3749 | Temple   | Found a transporter.
  3767 | Temple   | Became a worshipper of Qazlal Stormbringer
  3888 | D:6      | Reached skill level 1 in Invocations
  4037 | D:6      | Gained mutation: You are completely covered in icy blue
                  | scales. (AC +4, rC+) [demonic ancestry]
  4037 | D:6      | Reached XP level 8. HP: 65/65 MP: 7/9
  4080 | D:6      | Reached skill level 7 in Fighting
  4099 | D:6      | Noticed a two-headed ogre
  4113 | D:6      | Killed a two-headed ogre
  4178 | D:6      | Reached skill level 8 in Fighting
  4190 | D:6      | Gained mutation: You sometimes gain a little power by
                  | taking damage. [demonic ancestry]
  4190 | D:6      | Reached XP level 9. HP: 74/74 MP: 12/12
  4764 | D:7      | Reached skill level 5 in Invocations
  4794 | D:7      | Found Affitur's General Store.
  4830 | D:7      | Bought a scroll of identify for 28 gold pieces
  4913 | D:7      | Found a transporter.
  4923 | D:7      | Found a bloodstained altar of Trog.
  4924 | D:7      | Noticed BubbleThief's ghost (novice OpTm)
  4930 | D:7      | Found a transporter.
  4931 | D:7      | Noticed a two-headed ogre
  4955 | D:7      | Noticed a moth of wrath
  5001 | D:7      | Reached * piety under Qazlal
  5140 | D:7      | Reached skill level 9 in Fighting
  5187 | D:7      | Found a flagged portal.
  5195 | Bailey   | Entered a bailey
  5284 | Bailey   | Reached ** piety under Qazlal
  5388 | Bailey   | Noticed an orc knight
  5564 | Bailey   | Killed an orc knight
  5622 | Bailey   | Identified the +7 plate armour of Serhuesa {SInv}
  5862 | D:8      | Noticed Joseph
  5871 | D:8      | Killed Joseph
  5872 | D:8      | Reached XP level 10. HP: 81/84 MP: 13/15
  5921 | D:8      | Found Ruput's Distillery.
  5925 | D:8      | Noticed Erica
  5938 | D:8      | Killed Erica
  5939 | D:8      | Reached skill level 10 in Fighting
  5947 | D:8      | Bought a potion of heal wounds for 50 gold pieces
  6349 | D:8      | Found a snail-covered altar of Cheibriados.
  6432 | D:8      | Found a shadowy altar of Dithmenos.
  6516 | D:8      | Noticed Maggie
  6539 | D:8      | Killed Maggie
  6644 | D:9      | Noticed a two-headed ogre
  6655 | D:9      | Killed a two-headed ogre
  6730 | D:9      | Noticed a two-headed ogre
  6741 | D:9      | Killed a two-headed ogre
  6776 | D:9      | Noticed a manticore
  6779 | D:9      | Noticed a centaur warrior
  6781 | D:9      | Noticed a deep elf pyromancer
  6787 | D:9      | Killed a manticore
  6788 | D:9      | Reached skill level 11 in Fighting
  6795 | D:9      | Killed a centaur warrior
  6796 | D:9      | Reached skill level 10 in Axes
  6796 | D:9      | Gained mutation: You have a pair of horns on your head.
                  | [demonic ancestry]
  6796 | D:9      | Reached XP level 11. HP: 63/93 MP: 17/17
  6806 | D:9      | Killed a deep elf pyromancer
  6812 | D:9      | Noticed a centaur warrior
  6817 | D:9      | Killed a centaur warrior
  6823 | D:9      | Noticed an orc sorcerer
  6823 | D:9      | Noticed a two-headed ogre
  6826 | D:9      | Killed an orc sorcerer
  6827 | D:9      | Killed a two-headed ogre
  6931 | D:9      | Noticed a harpy
  6952 | D:9      | Killed a harpy
  6952 | D:9      | Reached *** piety under Qazlal
  7040 | D:9      | Found the +7 lajatang of Order {silver, rMut}
  7042 | D:9      | Identified the +0 robe of Lipsoawa {*Slow rF+ Int+3 Stlth+}
  7042 | D:9      | Identified the +10 hand axe of Uluschut {flame, Will++
                  | rCorr Str-5}
  7043 | D:9      | Got the Anthology of Nauseating Shadows
  7289 | D:9      | Reached skill level 12 in Fighting
  7396 | D:9      | Noticed a two-headed ogre
  7406 | D:9      | Reached skill level 5 in Armour
  7407 | D:9      | Killed a two-headed ogre
  7787 | D:9      | Reached **** piety under Qazlal
  7927 | D:10     | Entered Level 10 of the Dungeon
  8155 | D:10     | Reached XP level 12. HP: 92/103 MP: 19/19
  8345 | D:10     | Noticed an ogre mage
  8346 | D:10     | Paralysed by a floating eye for 3 turns
  8352 | D:10     | Paralysed by a floating eye for 4 turns
  8356 | D:10     | Reached skill level 10 in Invocations
  8377 | D:10     | Killed an ogre mage
  8378 | D:10     | Paralysed by a hornet for 1 turns
  8386 | D:10     | Paralysed by a floating eye for 2 turns
  8856 | D:11     | Found a staircase to the Lair.
  8883 | D:11     | Found Qasamost's Magic Scroll Boutique.
  9009 | D:11     | Reached skill level 13 in Fighting
  9061 | D:11     | Reached ***** piety under Qazlal
  9255 | D:11     | Noticed a centaur warrior
  9265 | D:11     | Killed a centaur warrior
  9511 | D:11     | Found a staircase to the Orcish Mines.
  9652 | D:12     | Noticed a boulder beetle
  9698 | D:12     | Killed a boulder beetle
  9714 | D:12     | Noticed Jorgrun
  9734 | D:12     | Killed Jorgrun
 10160 | D:12     | Noticed a boulder beetle
 10249 | D:12     | Killed a boulder beetle
 11177 | D:13     | Reached XP level 13. HP: 104/112 MP: 21/21
 11180 | D:13     | Noticed a fire dragon
 11189 | D:13     | Killed a fire dragon
 11251 | D:13     | Reached skill level 14 in Fighting
 11386 | D:13     | Identified the +6 morningstar of Analysis {pain, Fly rN+
                  | Int-3 Stlth+}
 11433 | D:13     | Identified the +7 trident of Karma {pain, Will+ Dex+7 SInv}
 11493 | D:13     | Found a runed translucent gate.
 11494 | D:13     | Found a runed translucent gate.
 11500 | D:13     | Noticed Urug
 11509 | D:13     | Killed Urug
 11586 | D:13     | Found a gate to the Vaults.
 11743 | D:13     | Identified the +1 spear of the Pits of Slime {flame, Contam
                  | rC++ Will+ Int+3}
 11797 | D:13     | Found a runed translucent gate.
 11797 | D:13     | Noticed Jynaviopo's ghost (journeyman GrFi)
 11980 | D:13     | Reached skill level 15 in Fighting
 11984 | D:13     | Noticed Snorg
 11995 | D:13     | Killed Snorg
 12494 | D:4      | Killed porpoise's ghost
 12619 | D:7      | Killed BubbleThief's ghost
 12631 | D:7      | Reached XP level 14. HP: 87/123 MP: 11/23
 12960 | D:13     | Killed Jynaviopo's ghost
 13221 | D:14     | Identified the staff of Prudence {Int+5 Dex+4 Conj}
 13222 | D:14     | Identified the staff "Transmigrator" {Str+2 Conj}
 13483 | D:14     | Reached ****** piety under Qazlal
 13562 | D:14     | Noticed Josephine
 13571 | D:14     | Killed Josephine
 13709 | D:14     | Found a runed translucent gate.
 13710 | D:14     | Found a runed translucent gate.
 13710 | D:14     | Noticed a fire giant
 13711 | D:14     | Found an opulent altar of Gozag.
 13711 | D:14     | Found a runed translucent gate.
 13712 | D:14     | Noticed IYTBazzie's ghost (journeyman NaMo)
 14086 | D:15     | Entered Level 15 of the Dungeon
 14245 | D:15     | Reached skill level 16 in Fighting
 14289 | D:15     | Found a staircase to the Depths.
 14883 | Lair:1   | Entered Level 1 of the Lair of Beasts
 15431 | Lair:1   | Noticed Fannar
 15456 | Lair:1   | Killed Fannar
 15707 | Lair:2   | Reached skill level 15 in Axes
 15707 | Lair:2   | Gained mutation: You sometimes gain power by taking damage.
                  | [demonic ancestry]
 15707 | Lair:2   | Reached XP level 15. HP: 116/132 MP: 25/25
 15867 | Lair:2   | Found a staircase to the Snake Pit.
 17497 | Lair:3   | Found a staircase to the Shoals.
 17843 | Lair:4   | Reached skill level 17 in Fighting
 18924 | Lair:5   | Entered Level 5 of the Lair of Beasts
 19255 | Lair:5   | Reached XP level 16. HP: 142/142 MP: 27/27
 19346 | Lair:5   | Found a viscous altar of Jiyva.
 19353 | Lair:5   | Reached skill level 15 in Invocations
 19355 | Lair:5   | Found a staircase to the Slime Pits.
 19362 | Lair:5   | Reached skill level 10 in Armour
 20409 | Orc:1    | Entered Level 1 of the Orcish Mines
 20409 | Orc:1    | Found Zeedif Waatu's Magic Scroll Emporium.
 20461 | Orc:1    | Bought a scroll of identify for 34 gold pieces
 20461 | Orc:1    | Bought a scroll of identify for 34 gold pieces
 20628 | Orc:2    | Entered Level 2 of the Orcish Mines
 20787 | Orc:2    | Reached skill level 18 in Fighting
 21053 | Orc:2    | Found a staircase to the Elven Halls.
 21527 | Orc:2    | Found Nupiogui's Assorted Antiques.
 21530 | Orc:2    | Found Dacuotet's Magic Scroll Shoppe.
 21531 | Orc:2    | Found Wolon's Weapon Shoppe.
 21532 | Orc:2    | Found Umezoex's Armour Emporium.
 21536 | Orc:2    | Bought a scroll of poison for 56 gold pieces
 21536 | Orc:2    | Bought a scroll of teleportation for 42 gold pieces
 21536 | Orc:2    | Bought a scroll of enchant armour for 105 gold pieces
 21536 | Orc:2    | Bought a scroll of revelation for 105 gold pieces
 21539 | Orc:2    | Bought a potion of curing for 102 gold pieces
 21539 | Orc:2    | Bought a potion of berserk rage for 170 gold pieces
 21539 | Orc:2    | Bought a scroll of poison for 136 gold pieces
 22027 | Depths:1 | Entered Level 1 of the Depths
 22074 | Depths:1 | Noticed Asterion
 22124 | Depths:1 | Mangled by Asterion

Illustrated notes

Levels and vault maps discovered:
D:1:      enne_arrival_octagon_isle, layout_rooms, serial_bayou_pond_b
D:2:      layout_loops_corners, shapermc_ecumenical_altar_totnotflames,
          serial_shops, shop, st_stairs_6, hangedman_glass_teeth
D:3:      layout_basic, lemuel_crystal_altar, ebering_dispersal_statue_hall,
          chequers_hall_statues_corner_a, kennysheep_decorative_pillar,
          chequers_serial_rivers_small_a, grunt_ministairs_7
D:4:      layout_basic, gammafunk_ghost_icy, serial_shops, shop
D:5:      layout_loops_corners, kennysheep_mini_moat
D:6:      layout_loops_corners, minmay_temple_entry_junction, centaur_isle
D:7:      layout_basic, serial_shops, shop, enter_bailey_2,
          gammafunk_ghost_wrathful_warriors
D:8:      layout_cave_pods, kennysheep_little_box, minitemple, serial_shops,
          shop_statue, uniq_joseph, uniq_maggie, uniq_erica
D:9:      minmay_the_grid_plus_closed [minmay_the_grid_dragon_b,
          minmay_the_grid_pillar_ring, minmay_the_grid_eight,
          minmay_the_grid_tri_star, minmay_the_grid_prize_shrinking_boxes],
          layout_long_grid, special_room [special_room_bee]
D:10:     hellmonk_paralyzer, layout_loops_ring, chequers_serial_rivers_micro_a,
          minmay_misc_feat_room, minivault_26
D:11:     layout_long_grid, lair_entry_dummy, david_orc_4, serial_shops,
          nicolae_shop_tiny_statue_garden
D:12:     layout_basic, uniq_jorgrun
D:13:     minmay_swirls_squares, layout_irregular_city,
          grunt_vaults_entry_fortified, gammafunk_ghost_spectres, uniq_urug,
          uniq_snorg
D:14:     layout_stronghold, ebering_ghost_gozag, hangedman_decor_riveting,
          laboratory, uniq_josephine
D:15:     grunt_enter_depths_hoard, layout_irregular_city
Temple:   hellmonk_temple_divided_pantheon
Lair:1:   layout_roguey, wad_woods_01, grunt_megastairs_4, lemuel_fruit_fields,
          uniq_fannar
Lair:2:   layout_layer_cave, minmay_snake_entry_guardpost_medium, pond
Lair:3:   layout_loops_ring, elwin_shoals_entry_stream, serial_bayou_pond_c,
          chequers_serial_rivers_room_a
Lair:4:   layout_layer_cave
Lair:5:   minmay_lair_end_frog_pond, layout_layer_cave,
          nicolae_slime_entry_slimehenge, st_stairs_7
Orc:1:    layout_caves, serial_shops, shop, nicolae_orc_crystal_geode
Orc:2:    st_orc_pillars, layout_diamond_mine
Depths:1: mu_elephants_graveyard, layout_gridlike, minmay_room_of_horrors,
          nicolae_vehumet_radiance, hell_entry, minmay_hedge_maze,
          nicolae_shop_fire_sale [nicolae_sub_dead_trees],
          lemuel_flamethrower_2, uniq_asterion

Skill      XL: |  1  2  3  4  5  6  7  8  9 10 11 12 13 14 15 16 |
---------------+-------------------------------------------------+-----
Axes           | 2 3 4 5 7 8 10 11 12 13 15 16 | 16.7
Shields        | 3 4 |  4.2
Fighting       | 4 5 6 8 9 11 12 13 15 16 17 18 | 18.2
Invocations    | 2 4 6 8 9 11 12 13 14 15 | 15.5
Armour         | 3 5 6 7 8 9 10 | 10.4

Action                     |  1- 3 |  4- 6 |  7- 9 | 10-12 | 13-15 | 16-18 || total
---------------------------+-------+-------+-------+-------+-------+-------++-------
  Melee: War axe           |   101 |   150 |     3 |       |       |       ||   254
         Headbutt          |       |    10 |    64 |   110 |   257 |    56 ||   497
         Hand axe          |       |       |   270 |   561 |   980 |   243 ||  2054
 Invoke: Upheaval          |       |       |     1 |       |       |       ||     1
         Elemental Force   |       |       |       |       |     1 |       ||     1
         Disaster Area     |       |       |       |       |       |     1 ||     1
  Evoke: Wand              |       |       |     2 |       |       |       ||     2
    Use: Potion            |       |     1 |     3 |     4 |     9 |     5 ||    22
         Scroll            |       |       |    14 |     2 |     7 |    10 ||    33
   Stab: Invisible         |       |       |    13 |       |       |       ||    13
         Distracted        |       |       |     1 |       |     1 |       ||     2
         Paralysed         |       |       |       |       |     1 |       ||     1
 Armour: Scale mail        |    81 |   101 |    55 |       |       |       ||   237
         Ring mail         |       |       |    70 |       |       |       ||    70
         Plate armour      |       |       |     2 |   475 |   516 |   135 ||  1128
  Dodge: Dodged            |    62 |    92 |   157 |   180 |   214 |    53 ||   758
         Repelled          |       |       |       |     5 |     2 |     1 ||     8
  Block: Buckler           |    36 |    32 |    98 |   358 |   552 |   137 ||  1213

Table legend: (Time is in decaauts)
 A = Elapsed time spent in this place.
 B = Non-inter-level travel time spent in this place.
 C = Inter-level travel time spent in this place.
 D = Time resting spent in this place.
 E = Time spent auto-exploring this place.
 F = Levels seen in this place.
 G = Mean time per level.
                   A        B        C        D        E       F      G
               +--------+--------+--------+--------+--------+-----+--------+
         Total |  21737 |  20059 |   1678 |    339 |  13999 |  25 |  869.5 |
       Dungeon |  14434 |  13082 |   1352 |    251 |   9122 |  15 |  962.3 |
        Temple |     34 |     34 |      0 |      0 |      6 |   1 |   34.0 |
          Lair |   5291 |   5099 |    192 |      7 |   3905 |   5 | 1058.2 |
  Orcish Mines |   1462 |   1331 |    131 |     81 |    909 |   2 |  731.0 |
        Depths |     20 |     20 |      0 |      0 |      0 |   1 |   20.0 |
        Bailey |    492 |    492 |      0 |      0 |     57 |   1 |  492.0 |
               +--------+--------+--------+--------+--------+-----+--------+

Top non-repeatable levels by time:
     D:9: 1443 daAuts
    D:13: 1316 daAuts
  Lair:5: 1291 daAuts
    D:12: 1248 daAuts
  Lair:4: 1178 daAuts
     D:6: 1166 daAuts
  Lair:2: 1164 daAuts
     D:2: 1077 daAuts
    D:14: 1010 daAuts
    D:11: 993 daAuts
   Orc:2: 945 daAuts
     D:5: 932 daAuts
     D:8: 922 daAuts
  Lair:3: 905 daAuts
    D:10: 898 daAuts
